 Dungeon Crawl Stone Soup version 0.21.1-1-g345015f (webtiles) character file.

42 lotte the Magician (level 3, -4/21 HPs)
             Began as an Octopode Wizard on June 29, 2018.
             Slain by Crazy Yiuf
             ... wielding a +4 quarterstaff of chaos
              (6 damage)
             ... on level 2 of the Dungeon.
             The game lasted 00:06:51 (1589 turns).

lotte the Magician (Octopode Wizard)                Turns: 1589, Time: 00:06:52

Health: -4/21      AC:  1    Str:  6    XL:     3   Next: 56%
Magic:  6/8        EV: 13    Int: 21    God:
Gold:   80         SH:  0    Dex: 10    Spells: 8/9 levels left

rFire    . . .     SeeInvis .   (no weapon)
rCold    . . .     Gourm    .   (no shield)
rNeg     . . .     Faith    .   a - +0 hat
rPois    .         Spirit   .   e - amulet of regeneration
rElec    .         Reflect  .   (no ring)
rCorr    .         Harm     .   (no ring)
MR       .....                  (no ring)
Stlth    +++.......             (no ring)
HPRegen  0.47/turn              (no ring)
MPRegen  0.11/turn              (no ring)
                                (no ring)
                                (no ring)

@: lethally poisoned (-4 -> -5)
A: almost no armour, stealthy swim, amphibious, 8 rings, constrict 8, camouflage
1, gelatinous body 1
a: no special abilities


You were on level 2 of the Dungeon.
You were not hungry.

You visited 1 branch of the dungeon, and saw 2 of its levels.

You collected 80 gold pieces.

Inventory:

Armour
 a - a +0 hat (worn)
Jewellery
 e - an amulet of regeneration (around mantle)
Scrolls
 d - a scroll of enchant armour {unknown}
 g - 2 scrolls of amnesia {unknown}
 h - a scroll of remove curse {unknown}
 i - a scroll of fear {unknown}
 j - a scroll of teleportation {unknown}
Potions
 f - a potion of brilliance {unknown}
Books
 b - a book of Minor Magic

   Spells                             Type                      Level
   a - Magic Dart                     Conjuration                  1
   b - Blink                          Translocation                2
   c - Call Imp                       Summoning                    2
   d - Slow                           Hexes                        2
   e - Conjure Flame                  Conjuration/Fire             3
   f - Mephitic Cloud                 Conjuration/Poison/Air       3
Comestibles
 c - 2 rations


   Skills:
 - Level 2.1 Dodging
 - Level 2.6 Stealth
 + Level 3.9 Spellcasting
 * Level 1.8 Conjurations
   Level 1.0 Summonings
   Level 1.0 Translocations


You had 8 spell levels left.
You knew the following spells:

 Your Spells              Type           Power        Failure   Level  Hunger
a - Magic Dart            Conj           ##..         6%          1    None


Dungeon Overview and Level Annotations

Branches:
Dungeon (2/15)

Altars:

Annotations:
D:2 Crazy Yiuf


Innate Abilities, Weirdness & Mutations

You cannot wear most types of armour.
You are very stealthy in the water. (Stealth+)
You are amphibious.
You can wear up to eight rings at the same time.
You can use your tentacles to constrict eight enemies at once.
Your skin changes colour to match your surroundings (Stealth+).
Your rubbery body absorbs attacks. (AC +1, EV +1)


Message History

You tentacle-slap Crazy Yiuf but do no damage.
Crazy Yiuf is moderately wounded.
You constrict Crazy Yiuf.
You feel sick.
Crazy Yiuf whimpers, "Ghoul unthinkable action!"
Crazy Yiuf hits you with a quarterstaff of chaos!
Ouch! That really hurt!
You barely miss Crazy Yiuf.
Crazy Yiuf is moderately wounded.
You constrict Crazy Yiuf.
You feel sick.
Crazy Yiuf hits you with a quarterstaff of chaos.
* * * LOW HITPOINT WARNING * * *
You tentacle-slap Crazy Yiuf but do no damage.
Crazy Yiuf is heavily wounded.
You constrict Crazy Yiuf. Crazy Yiuf closely misses you.
You tentacle-slap Crazy Yiuf but do no damage.
You squeeze Crazy Yiuf, but do no damage.
Crazy Yiuf is heavily wounded.
You constrict Crazy Yiuf.
You feel sick.
Crazy Yiuf hits you with a quarterstaff of chaos.
You die...

# #####
#)..# #...#
#.# ... #.
#g# ## #@##
### ##.# #.+
#.## #.#
##.# #.#
##.## #.##
### ##.P.#
#..# #.##
#....# ##.##
##.## #....#
#.## ##.##
#....###..##
##....


You could see Crazy Yiuf.

Vanquished Creatures
  2 adders (D:2)
  2 bats
  2 giant cockroaches (D:1)
  4 goblins (D:1)
  4 hobgoblins
  3 jackals (D:2)
  A frilled lizard (D:1)
  A kobold (D:1)
  4 rats
23 creatures vanquished.

Notes
Turn   | Place    | Note
-------+----------+-------------------------------------------
     0 | D:1      | lotte the Octopode Wizard began the quest for the Orb.
     0 | D:1      | Reached XP level 1. HP: 11/11 MP: 4/4
   308 | D:1      | Reached XP level 2. HP: 17/17 MP: 3/6
  1265 | D:2      | Reached XP level 3. HP: 11/21 MP: 4/8
  1575 | D:2      | Found a runed door.
  1579 | D:2      | Noticed Crazy Yiuf
  1589 | D:2      | Slain by Crazy Yiuf

Action                   || total
-------------------------++-------
Melee: Unarmed           ||    30
       Constrict         ||     7
       Tentacles         ||     6
 Cast: Magic Dart        ||    48
  Eat: Chunk             ||     2
Armor: Skin              ||     4
Dodge: Dodged            ||    16
